 Dungeon Crawl Stone Soup version 0.26.1-10-gdfb7c7de75 (webtiles) character file.

Game seed: 9772251832580960906

82031 raph the Geomancer (level 15, -7/84 HPs)
             Began as a Deep Elf Earth Elementalist on Apr 6, 2021.
             Was the Champion of Makhleb.
             Mangled by Polyphemus (14 damage)
             ... while petrified by a catoblepas
             ... on level 3 of the Shoals.
             The game lasted 01:18:14 (32331 turns).

raph the Geomancer (Deep Elf Earth Elementalist)   Turns: 32331, Time: 01:18:15

Health: -7/84      AC: 17    Str:  5    XL:     15   Next: 28%
Magic:  5/38       EV:  2    Int: 27    God:    Makhleb [******]
Gold:   1599       SH:  0    Dex: 21    Spells: 1/30 levels left

rFire    . . .     SeeInvis .   a - +9 rapier (drain)
rCold    . . .     Faith    +   Z - +0 buckler
rNeg     + + +     Spirit   .   G - +0 acid dragon scales
rPois    ∞         Reflect  .   i - +1 helmet
rElec    .         Harm     .   u - +1 cloak
rCorr    +         Rampage  .   j - +2 pair of gloves {Dex+3}
Will     +....                  M - +2 pair of boots {run}
Stlth    ++++......             p - amulet of faith
HPRegen  0.24/turn              d - ring of magical power
MPRegen  0.26/turn              K - ring of Riuczezo {EV+4 Dex+3}

@: petrified, quick
A: no striking features
a: Renounce Religion, Minor Destruction, Lesser Servant of Makhleb, Major
Destruction, Greater Servant of Makhleb


You were on level 3 of the Shoals.
You worshipped Makhleb.
Makhleb was exalted by your worship.
You visited 5 branches of the dungeon, and saw 24 of its levels.
You also visited: Bailey.

You collected 2489 gold pieces.
You spent 890 gold pieces at shops.

Inventory:

Hand Weapons
 a - a +9 rapier of draining (weapon)
 b - a +1 shortbow
 z - a +2 rapier of venom
 E - a +1 dagger
Missiles
 C - 465 stones
 D - 198 arrows
Armour
 i - a +1 helmet (worn)
 j - a +2 pair of gloves of dexterity (worn)
 u - a +1 cloak (worn)
 G - +0 acid dragon scales (worn)
 M - a +2 pair of boots of running (worn)
 P - a +1 troll leather armour
 Z - a +0 buckler (worn)
Magical Staves
 h - an uncursed staff of death
Jewellery
 d - a ring of magical power (left hand)
 p - an amulet of faith (around neck)
 t - an uncursed ring of wizardry
 v - an uncursed ring of flight
 K - the ring of Riuczezo (right hand) {EV+4 Dex+3}
   (You acquired it on level 4 of the Lair of Beasts)

   [ring of evasion]

   It affects your evasion (+4).
   It affects your dexterity (+3).
 S - an uncursed ring of protection from fire
Wands
 c - a wand of flame (10)
 f - a wand of paralysis (17)
 g - a wand of polymorph (26)
 y - a wand of acid (9)
 I - a wand of random effects (4)
 V - a wand of enslavement (4)
Scrolls
 e - 11 scrolls of remove curse
 l - 5 scrolls of identify
 m - 8 scrolls of teleportation
 w - 3 scrolls of blinking
 B - 2 scrolls of fog
 U - 2 scrolls of amnesia
 Y - 3 scrolls of magic mapping
Potions
 k - 8 potions of haste
 n - 2 potions of flight
 o - 5 potions of lignification
 q - 3 potions of berserk rage
 r - 4 potions of might
 s - 10 potions of curing
 x - 3 potions of resistance
 A - 8 potions of brilliance
 F - 5 potions of invisibility
 J - 2 potions of attraction
 L - 3 potions of magic
 N - 3 potions of heal wounds
 O - 4 potions of ambrosia
 T - 2 potions of cancellation


   Skills:
 - Level 6.2 Fighting
 + Level 6.5 Short Blades
 - Level 3.8 Armour
 + Level 10.9 Dodging
 - Level 8.2 Stealth
 - Level 4.0 Shields
 - Level 8.3 Spellcasting
 + Level 10.0 Conjurations
 - Level 1.1 Transmutations
 * Level 10.1 Fire Magic
 * Level 13.8 Earth Magic
 + Level 11.5 Invocations


You had one spell level left.
You knew the following spells:

 Your Spells              Type           Power        Failure   Level
a - Sandblast             Erth           100%         1%          1
b - Passwall              Tmut/Erth      42%          1%          2
c - Stone Arrow           Conj/Erth      100%         1%          3
d - Lee's Rapid Deconstr  Erth           36%          1%          5
e - Animate Skeleton      Necr           22%          11%         1
f - Sticky Flame          Conj/Fire      60%          1%          4
g - Fireball              Conj/Fire      30%          4%          5
h - Leda's Liquefaction   Hex/Erth       24%          6%          4
i - Petrify               Tmut/Erth      51%          4%          4

Your spell library contained the following spells:

 Spells                   Type           Power        Failure   Level
 Foxfire                  Conj/Fire      100%         1%          1
 Beastly Appendage        Tmut           34%          7%          1
 Sting                    Tmut/Pois      56%          9%          1
 Corona                   Hex            12%          11%         1
 Conjure Flame            Conj/Fire      60%          1%          3
 Inner Flame              Hex/Fire       38%          3%          3
 Ignite Poison            Fire/Tmut/Pois 31%          7%          3
 Mephitic Cloud           Conj/Pois/Air  29%          9%          3
 Wereblood                Tmut           17%          10%         2
 Poisonous Vapours        Pois/Air       22%          16%         2
 Slow                     Hex            11%          16%         2
 Spider Form              Tmut/Pois      7%           26%         3
 Portal Projectile        Hex/Tloc       22%          30%         3
 Ice Form                 Ice/Tmut       14%          63%         4
 Cause Fear               Hex            5%           71%         4
 Olgreb's Toxic Radiance  Pois           11%          71%         4
 Blade Hands              Tmut           8%           88%         5


Dungeon Overview and Level Annotations

Branches:
Dungeon (14/15)            Temple (1/1) D:5            Lair (5/6) D:11
 Shoals (3/4) Lair:4       Spider (0/4) Lair:4        Slime (0/5) Lair:5
    Orc (1/2) D:9          Vaults (0/5) D:13         Bailey (visited)

Altars:
Cheibriados
Makhleb
Nemelex Xobeh
Okawaru
Qazlal
Sif Muna
Uskayaw
Zin

Shops:
D:12 !   Shoals:1 !   Shoals:2 =

Annotations:
D:11 exclusion: oklob plant
Shoals:3 Polyphemus


Message History

The harpy claws you but does no damage. The harpy claws you!
The harpy barely misses you. x2; The harpy closely misses you.
The harpy claws you but does no damage. The harpy misses you.
The harpy claws you!
The catoblepas breathes a plume of calcifying dust at you.
The blast of calcifying dust hits you but does no damage.
The harpy closely misses you. The harpy claws you but does no damage.
Polyphemus hits you!!
* * * LOW HITPOINT WARNING * * *
Polyphemus barely misses you. The harpy misses you.
The harpy claws you but does no damage. The catoblepas gores you!!
* * * LOW HITPOINT WARNING * * *
You have turned to stone.
You are engulfed in calcifying dust.
Polyphemus is no longer covered in acid.
The harpy claws you but does no damage. x3; The harpy claws you.
* * * LOW HITPOINT WARNING * * *
The harpy claws you but does no damage. x3; The harpy completely misses you.
The harpy claws you but does no damage. x2; Polyphemus hits you!!
You die...

#.... ##.
#....#### ##...≈
........##...≈≈≈
.≈≈≈........≈≈≈≈
.≈≈≈≈(≈≈...>≈≈≈≈
.≈≈≈≈(≈≈......≈≈
.≈≈≈≈≈≈HY≈≈...≈≈
≈≈≈≈≈≈≈@H.YY.≈≈≈
≈≈≈≈≈(§CH####Y≈
≈≈≈≈≈§≈≈.#
≈≈≈≈≈≈≈≈.##
≈≈≈≈≈≈≈...#
≈≈≈≈≈≈≈≈...§§§≈≈
≈≈≈≈≈≈≈≈≈≈≈§§≈§≈
≈≈≈≈≈≈≈≈≈≈≈≈§≈≈≈
≈≈≈≈≈≈≈≈≈≈≈§§≈≈≈


You could see Polyphemus, 3 death yaks, a catoblepas and 3 harpies.

Vanquished Creatures
  Ilsuiw (Shoals:2)
  A merfolk impaler (Shoals:2)
  A boulder beetle (D:11)
  8 two-headed ogres
  A catoblepas (Lair:3)
  3 hydras
  Erica (D:8)
  A centaur warrior (D:13)
  A merfolk aquamancer (Shoals:2)
  4 death yaks (Lair:4)
  An unseen horror (D:13)
  2 wizards (D:13)
  A sea snake (Shoals:2)
  6 harpies
  3 ugly things
  2 cyclopes
  A manticore (Shoals:1)
  A faun (Shoals:1)
  3 centaur zombies
  A black mamba (D:11)
  4 elephants (Lair:4)
  2 water nymphs (Shoals:2)
  6 merfolk sirens
  Psyche (D:8)
  19 cane toads
  3 rime drakes
  An efreet (D:14)
  5 komodo dragons
  A tengu conjurer (D:13)
  3 jumping spiders (Lair:4)
  5 trolls
  10 merfolk
  2 polar bears (D:13)
  2 hornets
  Prince Ribbit (D:9)
  10 blink frogs
  3 dream sheep (Shoals:1)
  A slime creature (Lair:5)
  2 wind drakes
  4 snapping turtles (Shoals:1)
  3 wyverns
  2 shadows
  2 vampires
  A wraith (D:10)
  3 redbacks (Lair:4)
  A water elemental (Shoals:2)
  19 yaks
  Eustachio (D:6)
  6 basilisks
  5 acid dragons
  A soldier ant (D:12)
  6 water moccasins
  5 ice beasts
  3 orc warriors
  2 sky beasts
  4 black bears
  4 phantoms
  8 ogres
  6 centaurs
  6 wolves
  2 big kobolds
  17 bullfrogs
  Blork the orc (D:5)
  12 gnoll sergeants
  A wyvern zombie (D:10)
  A wyvern skeleton (D:12)
  2 scorpions (D:11)
  9 killer bees (D:10)
  16 wights
  4 electric eels
  2 howler monkeys
  2 quasits
  12 jellies
  6 gnoll shamans (Bailey)
  16 hounds
  A bullfrog zombie (D:11)
  6 centaur skeletons
  Crazy Yiuf (D:3)
  7 orc priests
  4 bullfrog skeletons
  11 orc wizards
  2 iguanas
  20 worker ants
  2 bullfrog simulacra (D:13)
  3 hound zombies
  A hound skeleton (D:5)
  2 worker ant zombies (D:5)
  31 gnolls
  A howler monkey skeleton (D:8)
  15 adders
  A shadow imp (D:8)
  5 white imps
  An ufetubus (D:10)
  13 oozes
  An adder skeleton (D:5)
  An adder zombie (D:9)
  2 worms
  A dart slug (D:2)
  8 leopard geckos
  37 orcs
  6 bats
  9 giant cockroaches
  11 goblins
  8 hobgoblins
  4 jackals
  7 quokkas
  2 ball pythons (D:1)
  5 frilled lizards
  A jackal skeleton (D:6)
  19 kobolds
  3 leopard gecko skeletons (D:4)
  A quokka skeleton (D:4)
  6 rats
578 creatures vanquished.

Vanquished Creatures (collateral kills)
  Gastronok (Lair:3)
  A merfolk javelineer (Shoals:2)
  A faun (Shoals:1)
  A merfolk siren (Shoals:2)
  Joseph (D:7)
  2 cane toads (Lair:3)
  A merfolk (Shoals:2)
  A water moccasin (Lair:3)
  A black bear (Lair:3)
  A wolf (Lair:1)
11 creatures vanquished.

Vanquished Creatures (others)
  2 orcs (D:5)
  38 fungi
  82 plants
122 creatures vanquished.

Grand Total: 711 creatures vanquished

Notes
Turn   | Place    | Note
-------+----------+-------------------------------------------
     0 | D:1      | raph the Deep Elf Earth Elementalist began the quest for
                  | the Orb.
     0 | D:1      | Reached XP level 1. HP: 10/10 MP: 6/6
   221 | D:1      | Reached XP level 2. HP: 15/15 MP: 6/8
   374 | D:1      | You fall into a shaft and drop 1 floor!
   374 | D:2      | Found a burning altar of Makhleb.
   583 | D:2      | Became a worshipper of Makhleb the Destroyer
   603 | D:2      | Reached XP level 3. HP: 19/19 MP: 6/9
  1087 | D:2      | Reached skill level 4 in Earth Magic
  1231 | D:2      | Noticed a phantom
  1261 | D:2      | Killed a phantom
  1262 | D:2      | Reached XP level 4. HP: 12/24 MP: 3/12
  1333 | D:2      | Learned a level 2 spell: Passwall
  1337 | D:2      | Learned a level 3 spell: Stone Arrow
  1465 | D:2      | Found a hide-covered altar of Uskayaw.
  1738 | D:3      | Reached XP level 5. HP: 28/28 MP: 13/13
  1773 | D:3      | Reached skill level 5 in Earth Magic
  1787 | D:3      | Reached * piety under Makhleb
  2150 | D:3      | Found a runed translucent door.
  2152 | D:3      | Noticed Crazy Yiuf
  2158 | D:3      | Killed Crazy Yiuf
  2383 | D:3      | Learned a level 5 spell: Lee's Rapid Deconstruction
  2601 | D:4      | Reached XP level 6. HP: 32/32 MP: 10/15
  2947 | D:4      | Reached skill level 5 in Spellcasting
  3074 | D:4      | Reached skill level 6 in Earth Magic
  3399 | D:4      | Reached skill level 5 in Dodging
  3399 | D:4      | Reached XP level 7. HP: 36/36 MP: 15/17
  3504 | D:4      | Reached ** piety under Makhleb
  3520 | D:4      | Reached skill level 7 in Earth Magic
  4006 | D:5      | Entered Level 5 of the Dungeon
  4007 | D:5      | Found a staircase to the Ecumenical Temple.
  4158 | D:5      | Noticed Blork the orc
  4167 | D:5      | Killed Blork the orc
  4284 | D:4      | Reached skill level 8 in Earth Magic
  4476 | Temple   | Entered the Ecumenical Temple
  4893 | D:5      | Found a stormy altar of Qazlal.
  4909 | D:5      | Reached XP level 8. HP: 41/41 MP: 18/18
  5065 | D:5      | Reached skill level 9 in Earth Magic
  5174 | D:5      | Reached *** piety under Makhleb
  5308 | D:5      | Found a glowing silver altar of Zin.
  5637 | D:6      | Noticed Eustachio
  5677 | D:6      | Reached skill level 10 in Earth Magic
  5734 | D:6      | Killed Eustachio
  6056 | D:6      | Reached skill level 1 in Invocations
  6166 | D:6      | Reached skill level 1 in Fighting
  6285 | D:6      | Reached skill level 11 in Earth Magic
  6491 | D:6      | You fall into a shaft and drop 1 floor!
  6501 | D:7      | Reached XP level 9. HP: 39/47 MP: 13/19
  7340 | D:7      | Reached **** piety under Makhleb
  7513 | D:7      | Found a shimmering blue altar of Sif Muna.
  7641 | D:7      | Found a shimmering blue altar of Sif Muna.
  7713 | D:7      | Identified Sif Muna's Reference Book on Darkness
  7719 | D:7      | Learned a level 1 spell: Animate Skeleton
  8184 | D:7      | Noticed a troll
  8192 | D:7      | Killed a troll
  9474 | D:7      | Learned a level 4 spell: Sticky Flame
  9521 | D:7      | Reached ***** piety under Makhleb
  9633 | D:7      | Noticed Joseph
  9654 | D:7      | Killed Joseph
  9655 | D:7      | Reached skill level 1 in Conjurations
  9655 | D:7      | Reached skill level 1 in Fire Magic
  9655 | D:7      | Reached XP level 10. HP: 32/56 MP: 1/21
  9990 | D:8      | Noticed Psyche
  9993 | D:8      | Killed Psyche
 10230 | D:8      | Noticed Erica
 10233 | D:8      | Killed Erica
 10234 | D:8      | Reached skill level 5 in Invocations
 10717 | D:8      | Learned a level 5 spell: Fireball
 11525 | D:9      | Identified a +1 pair of boots of running (You found it on
                  | level 9 of the Dungeon)
 11646 | D:9      | Found a staircase to the Orcish Mines.
 11834 | D:9      | Noticed Prince Ribbit
 11835 | D:9      | Killed Prince Ribbit
 11836 | D:9      | Reached skill level 12 in Earth Magic
 11888 | D:9      | Noticed a two-headed ogre
 11892 | D:9      | Killed a two-headed ogre
 12085 | D:9      | Found a flagged portal.
 12109 | Bailey   | Entered a bailey
 12284 | Bailey   | Reached XP level 11. HP: 61/61 MP: 12/23
 12658 | Bailey   | Reached skill level 5 in Conjurations
 12851 | Bailey   | Reached skill level 5 in Fire Magic
 13520 | D:9      | Found a sparkling altar of Nemelex Xobeh.
 13691 | Orc:1    | Entered Level 1 of the Orcish Mines
 13691 | Orc:1    | Noticed an ettin
 13740 | D:10     | Entered Level 10 of the Dungeon
 13922 | D:10     | Noticed a two-headed ogre
 13936 | D:10     | Killed a two-headed ogre
 14389 | D:10     | Reached ****** piety under Makhleb
 14791 | D:10     | Found a snail-covered altar of Cheibriados.
 14988 | D:11     | Noticed a two-headed ogre
 14992 | D:11     | Killed a two-headed ogre
 15001 | D:11     | Paralysed by a hornet for 1 turns
 15053 | D:11     | Noticed a two-headed ogre
 15059 | D:11     | Killed a two-headed ogre
 15060 | D:11     | Reached skill level 5 in Fighting
 15302 | D:11     | Found an iron altar of Okawaru.
 15508 | D:11     | Noticed an oklob plant
 15813 | D:11     | Found a staircase to the Lair.
 16008 | Lair:1   | Entered Level 1 of the Lair of Beasts
 16127 | Lair:1   | Noticed a boulder beetle
 16407 | D:11     | HP: 3/64 [black mamba (16)]
 16417 | D:11     | Reached skill level 1 in Short Blades
 16616 | D:11     | Reached skill level 1 in Armour
 16689 | D:11     | HP: 2/64 [boulder beetle (17)]
 16822 | D:11     | Killed a boulder beetle
 16823 | D:11     | Reached XP level 12. HP: 68/68 MP: 3/26
 17458 | Lair:1   | Learned a level 4 spell: Leda's Liquefaction
 18281 | Lair:2   | Noticed a four-headed hydra
 18285 | Lair:2   | Killed a four-headed hydra
 18770 | Lair:2   | Noticed a six-headed hydra
 18778 | Lair:2   | Killed a six-headed hydra
 19049 | Lair:3   | Noticed a catoblepas
 19261 | Lair:3   | Reached skill level 5 in Stealth
 19272 | Lair:3   | Noticed Gastronok
 19282 | Lair:3   | Killed Gastronok
 19442 | Lair:3   | Killed a catoblepas
 20159 | Lair:3   | Reached XP level 13. HP: 74/74 MP: 27/27
 20900 | Lair:4   | Reached XP level 14. HP: 80/80 MP: 5/28
 21531 | Lair:4   | Found a hole to the Spider Nest.
 22358 | Lair:4   | Found a staircase to the Shoals.
 22476 | Lair:4   | Reached skill level 10 in Invocations
 22532 | Lair:4   | Identified a scroll of acquirement
 22532 | Lair:4   | Acquired the ring of Riuczezo {EV+4 Dex+3}
 23117 | Lair:5   | Found a staircase to the Slime Pits.
 23293 | Lair:5   | Reached skill level 13 in Earth Magic
 23561 | Lair:5   | Reached skill level 5 in Short Blades
 25733 | D:12     | Found Hagh's Distillery.
 25739 | D:12     | Bought a potion of heal wounds for 70 gold pieces
 25739 | D:12     | Bought 2 potions of haste for 280 gold pieces
 26154 | D:13     | Found a gate to the Vaults.
 26207 | D:13     | Reached skill level 10 in Dodging
 29293 | Shoals:1 | Entered Level 1 of the Shoals
 29557 | Shoals:1 | Learned a level 4 spell: Petrify
 29873 | Shoals:1 | Found Kainarch's Distillery.
 29881 | Shoals:1 | Bought a potion of magic for 144 gold pieces
 29881 | Shoals:1 | Bought a potion of haste for 180 gold pieces
 29881 | Shoals:1 | Bought a potion of cancellation for 144 gold pieces
 29881 | Shoals:1 | Bought a potion of brilliance for 72 gold pieces
 30410 | Shoals:1 | Reached XP level 15. HP: 84/84 MP: 20/29
 31797 | Shoals:2 | Found Daimmaf's Jewellery Shoppe.
 31813 | Shoals:2 | Reached skill level 10 in Fire Magic
 31956 | Shoals:2 | Noticed Ilsuiw
 31978 | Shoals:2 | Killed Ilsuiw
 32307 | Shoals:3 | Reached skill level 10 in Conjurations
 32316 | Shoals:3 | Noticed Polyphemus
 32331 | Shoals:3 | Mangled by Polyphemus

Illustrated notes

Levels and vault maps discovered:
D:1:      minmay_arrival_arboretum_small, layout_loops_ring,
          minmay_small_reverse_x
D:2:      layout_rooms, lemuel_crystal_altar, lemuel_round_altar
D:3:      layout_rooms, minmay_misc_feat_more_columns, uniq_crazy_yiuf_cottage
D:4:      layout_cave_pools, minmay_pentomino_pile
D:5:      minmay_razor_zed, layout_rooms, grunt_qazlal_clouds, zin_academy,
          temple_doors_e, uniq_blork_the_orc
D:6:      layout_gridville, uniq_eustachio
D:7:      kennysheep_housing_project, layout_loops_corners, kennysheep_mini,
          led_sif_book, uniq_joseph
D:8:      layout_basic, lemuel_flamethrower_1, uniq_erica, uniq_psyche
D:9:      layout_long_grid, nemelex_xobeh_ov_fountains_minmay, orc_0_dummy,
          enter_bailey_5, uniq_prince_ribbit1
D:10:     layout_basic, basic_altar
D:11:     lemuel_slime, layout_cave_pools, grunt_lair_entry_orc_guard_hut,
          basic_altar, st_stairs_9
D:12:     layout_stronghold, serial_shops, shop, minmay_misc_feat_encased
D:13:     layout_basic, david_vaults_1, serial_ice, serial_ice_a, serial_ice_i,
          serial_ice_o, serial_ice_m, serial_ice_f,
          portal_ice_cave_entry_pillars_1, hangedman_decor_opposing,
          chequers_arboretum, kennysheep_dice
D:14:     layout_loops_corners, chequers_serial_rivers_large_a,
          nicolae_twisting_strands
Temple:   regret_index_temple_sphere_string
Lair:1:   layout_chaotic_city, grunt_megastairs_3, lemuel_fruit_fields
Lair:2:   layout_concentric_octagons
Lair:3:   layout_gridlike, lemuel_fruit_fields, uniq_gastronok
Lair:4:   layout_hall_layers, elwin_shoals_entry_rooms,
          nicolae_spider_entry_tight_spaces, nicolae_quartered_pool_super,
          grunt_megastairs_2, infiniplex_staircase_pool_2
Lair:5:   layout_cave_pods, minmay_slime_entry_pillars
Shoals:1: layout_shoals, serial_shops, shop
Shoals:2: layout_shoals, serial_shops, nicolae_shop_statue_plus, uniq_ilsuiw
Shoals:3: layout_shoals, nicolae_shoals_water_shrine, uniq_polyphemus
Orc:1:    layout_caves

Skill      XL: |  1  2  3  4  5  6  7  8  9 10 11 12 13 14 15 |
---------------+----------------------------------------------+-----
Stealth        | 3 6 8 |  8.2
Earth Magic    | 4 5 6 8 11 12 13 | 13.8
Dodging        | 3 4 5 7 8 9 10 | 10.9
Spellcasting   | 4 5 6 7 8 |  8.3
Invocations    | 2 4 5 7 9 11 | 11.5
Fighting       | 1 3 4 5 6 |  6.2
Conjurations   | 1 4 7 8 9 10 | 10.0
Fire Magic     | 1 4 7 8 9 10 | 10.1
Short Blades   | 1 4 6 |  6.5
Armour         | 1 3 |  3.8
Shields        | 2 4 |  4.0
Transmutations | |  1.1

Action                   |  1- 3 |  4- 6 |  7- 9 | 10-12 | 13-15 || total
-------------------------+-------+-------+-------+-------+-------++-------
Melee: Dagger            |    10 |    27 |    38 |       |       ||    75
       Rapier            |       |       |     7 |    76 |   181 ||   264
       Shortbow          |       |       |       |     1 |       ||     1
 Fire: Shortbow          |       |       |    82 |    45 |       ||   127
 Cast: Sandblast         |    45 |    29 |    11 |    32 |     8 ||   125
       Stone Arrow       |       |    16 |    38 |    74 |    57 ||   185
       Lee's Rapid Decon |       |     6 |   101 |   142 |   156 ||   405
       Animate Skeleton  |       |       |    14 |    21 |    16 ||    51
       Fireball          |       |       |       |    22 |    90 ||   112
       Sticky Flame      |       |       |       |    14 |    39 ||    53
       Leda's Liquefacti |       |       |       |     1 |       ||     1
Invok: Lesser Servant of |       |       |     1 |     6 |     2 ||     9
       Minor Destruction |       |       |     1 |     3 |     1 ||     5
       Major Destruction |       |       |       |     2 |       ||     2
       Greater Servant o |       |       |       |       |     1 ||     1
 Abil: Stop Flying       |       |       |       |       |     1 ||     1
       Evoke Flight      |       |       |       |       |     1 ||     1
Evoke: Wand              |       |       |       |     1 |     3 ||     4
  Use: Scroll            |       |    10 |    11 |    19 |     5 ||    45
       Potion            |       |       |     2 |     5 |     3 ||    10
 Stab: Sleeping          |     1 |     4 |       |     1 |     4 ||    10
       Distracted        |       |       |       |       |     1 ||     1
Armor: Robe              |     3 |     7 |    37 |    14 |       ||    61
       Troll leather arm |       |       |       |    30 |    26 ||    56
       Acid dragon scale |       |       |       |       |    75 ||    75
Dodge: Dodged            |    21 |    28 |    94 |   144 |   233 ||   520
Block: Buckler           |       |       |       |       |    79 ||    79
